Map: Forêt cybernétique EC

Players

Sorandom

  • Race: Zerg Zerg
  • League: Diamond
  • Spawn Location: 5:00

StabiloBoss - Winner!

  • Race: Zerg Zerg
  • Spawn Location: 11:00

VOD

Have the link to the VOD?

Description

Time

  • Played on: April 4, 2019, 6:44 p.m.
  • Length: 6:54
Show
View Real Time Build Order
Export as new Build Order

Sorandom Zerg 

Build Orders: 1 Base Baneling Bust, Pool First 

Get SALT Encoding   

  12  0:01  Drone  
  13  0:12  Overlord  
  13  0:17  Drone  
  14  0:30  Drone x2  
  14  0:34  Drone  
  17  0:47  Spawning Pool  
  17  0:48  Extractor  
  15  0:51  Drone  
  15  0:55  Drone  
  17  1:11  Drone  
  18  1:21  Overlord  
  18  1:36  Baneling Nest, Queen  
  18  1:37  Zergling x2  
  18  1:39  Zergling x2  
  21  1:49  Zergling x2  
  22  2:02  Zergling x2  
  22  2:06  Metabolic Boost  
  23  2:24  Zergling x4  
  23  2:25  Hatchery  
  24  2:34  Drone  
  25  2:51  Baneling x4  
  25  2:52  Zergling x2  
  25  2:53  Zergling x6  
  29  3:01  Baneling x2  
  29  3:02  Zergling x2  
  30  3:19  Overlord  
  29  3:40  Drone x5  
  33  4:00  Queen  
  33  4:01  Hatchery  
  34  4:04  Drone  
  35  4:17  Drone x4  
  39  4:25  Drone x3  
  39  4:29  Drone x2  
  44  4:38  Roach Warren  
  43  4:44  Drone  
  44  4:50  Evolution Chamber, Drone  
  44  4:51  Evolution Chamber  
  43  5:07  Drone  
  44  5:08  Overlord  
  44  5:10  Extractor  
  44  5:11  Drone  
  44  5:12  Extractor, Drone  
  44  5:17  Roach  
  46  5:22  Drone x2  
  46  5:26  Drone  
  46  5:27  Roach  
  51  5:32  Drone x3  
  54  5:42  Drone x4  
  58  5:48  Overlord x2  
  57  6:07  Roach x6  
  57  6:08  Roach x2  
  73  6:13  Spine Crawler  
  72  6:26  Overlord x3  
Show
View Real Time Build Order
Export as new Build Order

StabiloBoss Zerg - Winner!

Build Orders: Hatch First 

Get SALT Encoding   

  12  0:01  Drone  
  13  0:14  Overlord  
  13  0:18  Extractor  
  13  0:19  Drone  
  14  0:32  Drone x2  
  16  0:50  Hatchery  
  15  0:59  Drone x2  
  15  1:03  Drone  
  18  1:16  Spawning Pool  
  18  1:18  Extractor  
  16  1:20  Drone  
  16  1:22  Drone  
  18  1:32  Drone  
  19  1:43  Drone  
  20  1:54  Drone  
  21  2:03  Zergling x2  
  21  2:05  Queen  
  21  2:06  Queen  
  26  2:11  Overlord  
  26  2:12  Roach Warren  
  25  2:28  Evolution Chamber  
  24  2:32  Evolution Chamber  
  23  2:37  Evolution Chamber  
  21  2:56  Roach  
  21  2:57  Roach x2  
  27  3:07  Roach x2  
  27  3:10  Roach  
  33  3:21  Roach  
  33  3:23  Overlord  
  35  3:42  Roach  
  35  3:43  Roach x2  
  41  3:57  Drone  
  41  3:58  Drone x2  
  41  4:02  Overlord  
  44  4:03  Overlord  
  44  4:10  Overlord  
  44  4:23  Drone x4  
  48  4:25  Drone  
  48  4:30  Extractor  
  48  4:38  Zerg Missile Weapons Level 1  
  48  4:40  Drone x2  
  48  4:45  Drone x2  
  51  4:48  Drone  
  51  4:51  Drone  
  54  5:05  Overlord  
  54  5:06  Overlord  
  54  5:10  Roach x2  
  58  5:16  Roach x2  
  58  5:18  Roach  
  64  5:24  Roach  
  64  5:26  Roach  
  68  5:34  Roach  
  70  5:41  Roach  
  70  5:42  Roach  
  74  6:00  Roach  
  74  6:01  Roach x3  
  82  6:09  Overlord  
  82  6:10  Overlord x2  
  82  6:26  Roach  
  82  6:27  Overlord x2  
  82  6:29  Drone x5  
Tags
 
Add a new tag
Caveats
  • Supply blocks, unpowered buildings, or Contaminate may cause inaccurate times.
  • Supply counts are checked every 10 seconds.